 Seeded DCSS version 0.30.1-4-g462c640d31 (webtiles) character file.

Game seed: 6351066067085065685 (custom seed)

10964 Esekla the Thaumaturge (level 11, -4/59 HPs)
             Began as a Deep Elf Necromancer on Aug 25, 2023.
             Was a High Priest of Vehumet.
             Killed by divine providence
             ... invoked by an orc priest
              (16 damage)
             ... on level 11 of the Dungeon on Aug 26, 2023.
             The game lasted 01:19:02 (10797 turns).

Esekla the Thaumaturge (Deep Elf Necromancer)      Turns: 10797, Time: 01:19:02

Health: -4/59      AC:  9    Str:  5    XL:     11   Next: 43%
Magic:  36/38      EV: 16    Int: 25    God:    Vehumet [*****.]
Gold:   28         SH:  0    Dex: 15    Spells: 11/34 levels left

rFire   . . .        c - +4 great sword
rCold   . . .        (shield currently unavailable)
rNeg    . . .        P - +0 steam dragon scales
rPois   .            M - +1 helmet
rElec   .            F - +0 cloak
rCorr   .            l - +0 pair of gloves
SInv    .            (no boots)
Will    +....        A - amulet of magic regeneration
Stlth   +++          i - ring of magical power
HPRegen 0.29/turn    S - ring of the Mage {Wiz Archmagi}
MPRegen 0.66/turn

%: wizardry (x1), archmagi
@: studying Fighting
A: no striking features
a: Renounce Religion


You were on level 11 of the Dungeon.
You worshipped Vehumet.
Vehumet was extremely pleased with you.
You visited 2 branches of the dungeon, and saw 12 of its levels.
You also visited: Bailey.

You collected 742 gold pieces.
You spent 714 gold pieces at shops.

Inventory:

Hand Weapons
 a - a +2 vampiric dagger
 c - a +4 great sword (weapon)
 f - the +2 bardiche of Puhoisos {heavy, rElec Stlth+}
   (You found it in a bailey)

   rElec:     It insulates you from electricity.
   Stlth:     It makes you more stealthy.
 r - a +4 trident of venom
 s - the +5 rapier of the Hero {heavy, rN+ Dex+3}
   (You found it on level 3 of the Dungeon)

   Dex:       It affects your dexterity (+3).
   rN:        It protects you from negative energy.
 N - a +2 rapier of venom
Missiles
 w - 47 poisoned darts
 L - 5 curare-tipped darts
 O - 7 boomerangs (quivered)
Armour
 l - a +0 pair of gloves (worn)
 F - a +0 cloak (worn)
 H - a +0 buckler
 M - a +1 helmet (worn)
 P - +0 steam dragon scales (worn)
Jewellery
 i - a ring of magical power (left hand)
 A - an amulet of magic regeneration (around neck)
 S - the ring of the Mage (right hand) {Wiz Archmagi}
   (You bought it in a shop on level 2 of the Dungeon)

   [ring of wizardry]

   It improves your spell success rate.
   Archmagi:  It increases the power of your magical spells.
Wands
 h - a wand of roots (7)
 D - a wand of flame (8)
 J - a wand of mindburst (4)
Scrolls
 m - 2 scrolls of amnesia {unknown}
 n - 3 scrolls of enchant weapon {unknown}
 o - a scroll of vulnerability {unknown}
 p - a scroll of immolation {unknown}
 q - 5 scrolls of blinking {unknown}
 t - 2 scrolls of fog
 x - a scroll of enchant armour
 y - a scroll of silence {unknown}
 z - a scroll of magic mapping
 C - 3 scrolls of fear
 E - 2 scrolls of teleportation
 G - 2 scrolls of acquirement
 I - 2 scrolls of poison {unknown}
 K - 3 scrolls of noise {unknown}
 Q - a scroll of identify
Potions
 b - a potion of magic
 d - 3 potions of ambrosia {unknown}
 e - 6 potions of attraction {unknown}
 g - 3 potions of haste
 j - a potion of mutation
 k - 7 potions of curing
 u - 2 potions of heal wounds
 v - 3 potions of brilliance
 B - 2 potions of lignification
 R - a potion of cancellation
 T - a potion of degeneration {unknown}


   Skills:
 * Level 2.6 Fighting
 + Level 3.8(4.0) Short Blades
 + Level 1.6(2.8) Long Blades
 + Level 2.5 Throwing
 * Level 8.0 Dodging
 + Level 5.4 Stealth
 * Level 12.4 Spellcasting
 * Level 5.7 Conjurations
 * Level 11.7 Necromancy
 * Level 6.2 Translocations
 * Level 3.4 Transmutations
 + Level 1.4 Evocations


You had 11 spell levels left.
You knew the following spells:

 Your Spells              Type           Power      Damage    Failure   Level
a - Necrotise             Necr           100%       1d9       1%          1
b - Kiss of Death         Conj/Necr      100%       2d13      1%          1
c - Stone Arrow           Conj/Erth      88%        3d12      1%          3
d - Vampiric Draining     Necr           84%        2d12      1%          3
e - Searing Ray           Conj           100%       2d8       1%          2
f - Yara's Violent Unrav  Hex/Tmut       18%        3d9       6%          5
i - Irradiate             Conj/Tmut      27%        3d20      1%          5
t - Teleport Other        Tloc           63%        N/A       1%          3

Your spell library contained the following spells:

 Spells                   Type           Power      Damage    Failure   Level
 Freezing Cloud           Conj/Ice/Air   18%        6-21      5%          5
 Lesser Beckoning         Tloc           100%       N/A       1%          2
 Gell's Gravitas          Tloc           63%        N/A       1%          3
 Animate Dead             Necr           84%        N/A       1%          4
 Agony                    Necr           84%        N/A       1%          5
 Spider Form              Tmut/Pois      36%        N/A       2%          3
 Cause Fear               Hex            11%        N/A       16%         4
 Summon Mana Viper        Hex/Summ       23%        N/A       38%         5


Dungeon Overview and Level Annotations

Branches:
Dungeon (11/15)            Temple (0/1) D:6             Orc (1/2) D:10
 Bailey (visited)
   Lair: D:8-11

Altars:
Dithmenos
Fedhas
Hepliaklqana
Nemelex Xobeh
Okawaru
Qazlal
Ru
Trog
Uskayaw
Vehumet
Zin
The Shining One

Shops:
D:2 =   D:4 (

Annotations:
D:8 1 transporter


Message History

An orc wizard comes into view. It is wielding a +0 dagger.
You see here a pink potion.
T - a pink potion The orc wizard shouts!
You hear a shout!
Casting: Vampiric Draining (safe; 1% risk of failure)
Confirm with . or Enter, or press ? or * to list all spells.
Aiming: Searing Ray (safe; 1% risk of failure)
Press: ? - help, Shift-Dir - straight line, f - orc wizard
Aim: an orc wizard, wielding a +0 dagger and wearing a +0 robe (79% to hit)
You feel a surge of power!
The searing ray misses the orc wizard. (Press . to maintain the ray.)
The searing ray hits the orc wizard!
The orc wizard is heavily wounded.
An orc priest comes into view. It is wielding a +0 club.
The searing ray hits the orc wizard.
The orc wizard is almost dead.
The orc priest calls down the wrath of Beogh upon you.
Beogh smites you!
The searing ray hits the orc wizard.
You kill the orc wizard!
Vehumet accepts your kill.
You feel your power returning.
You finish channelling your searing ray.
An orc comes into view. It is wielding a +0 dagger.
An orc and an orc wizard come into view.
The orc priest mumbles some strange prayers to Beogh against you.
Pain shoots through your body!
* * * LOW HITPOINT WARNING * * *
Casting: Searing Ray (safe; 1% risk of failure)
Confirm with . or Enter, or press ? or * to list all spells.
Aiming: Vampiric Draining (safe; 1% risk of failure)
Press: ? - help, Shift-Dir - straight line, f - orc priest
Aim: an orc priest, wielding a +0 club You feel a surge of power!
You draw life force from the orc priest!
You feel life coursing into your body.
The orc shouts! x2
The orc priest calls down the wrath of Beogh upon you.
Beogh smites you!
You die...

########## .........#
.........# #######
.........# #...=.#
.......<.## ###......#
..........# #..(.....#
.......oo.####..###...#
#########o.)o@).#.##..#
#.....####..#......# ####
#...........##.##.##.....
#.....>###...###.)...#
#..............)))...#
#.....#####.####.#...#
#.....# #.# #.#.....#
#.....# #.. #.#...###
......# ##.# #.#...#


You could see an orc priest, an orc wizard and 2 orcs.

Vanquished Creatures
  2 two-headed ogres
  Pikel (D:6)
  3 orc knights
  2 cyclopes (D:9)
  Joseph (D:7)
  A kobold demonologist (D:9)
  A troll (D:10)
  2 centaur simulacra (D:11)
  3 yaks (D:10)
  2 steam dragons
  2 wyverns
  Menkaure (D:7)
  2 ice beasts
  A sky beast (D:6)
  12 orc warriors
  2 black bears
  2 ogres
  2 centaurs
  A phantom (D:7)
  Blork the orc (D:6)
  4 kobold brigands
  3 gnoll sergeants
  2 bullfrogs
  2 scorpions (D:5)
  10 wights
  8 killer bees
  2 quasits (D:8)
  2 gnoll boudas
  6 hounds
  A jelly (D:6)
  Crazy Yiuf (D:7)
  5 orc priests
  A sleepcap (D:5)
  5 iguanas
  10 orc wizards
  9 adders
  27 gnolls
  3 shadow imps (D:8)
  7 white imps
  4 ufetubi
  A worm (D:4)
  3 dart slugs
  55 orcs
  4 endoplasms
  8 goblins
  7 hobgoblins
  A quokka (D:1)
  6 ball pythons
  4 bats
  4 frilled lizards
  21 kobolds
  A rat (D:2)
271 creatures vanquished.

Notes
Turn   | Place    | Note
-------+----------+-------------------------------------------
     0 | D:1      | Esekla the Deep Elf Necromancer began the quest for the
                  | Orb.
     0 | D:1      | Reached XP level 1. HP: 10/10 MP: 6/6
   226 | D:2      | Found Renulab's Jewellery Shop.
   330 | D:4      | Found an iron altar of Okawaru.
   341 | D:4      | Found a glowing silver altar of Zin.
   422 | D:4      | Found a radiant altar of Vehumet.
   426 | D:4      | Became a worshipper of Vehumet
   569 | D:3      | Reached skill level 5 in Necromancy
   731 | D:4      | Found Ponaysk's Antique Weapon Boutique.
   766 | D:4      | Reached XP level 2. HP: 11/15 MP: 8/8
  1129 | D:3      | Identified the +5 rapier of the Hero {heavy, rN+ Dex+3}
  1151 | D:2      | Reached XP level 3. HP: 11/19 MP: 9/9
  1167 | D:3      | Learned a level 3 spell: Vampiric Draining
  1380 | D:1      | Reached * piety under Vehumet
  1380 | D:1      | Offered knowledge of Kiss of Death by Vehumet.
  1383 | D:1      | Learned a level 1 spell: Kiss of Death
  1444 | D:1      | Learned a level 3 spell: Teleport Other
  1751 | D:1      | Reached XP level 4. HP: 24/24 MP: 4/11
  1951 | D:2      | Reached skill level 4 in Spellcasting
  1985 | D:2      | Found a faded altar of an unknown god.
  2016 | D:2      | Noticed a black bear
  2036 | D:2      | Killed a black bear
  2037 | D:2      | Reached skill level 1 in Short Blades
  2037 | D:2      | Reached skill level 1 in Translocations
  2037 | D:2      | Reached XP level 5. HP: 26/28 MP: 0/14
  2686 | D:3      | Found a stormy altar of Qazlal.
  2718 | D:3      | Reached skill level 5 in Spellcasting
  2718 | D:3      | Reached XP level 6. HP: 30/32 MP: 11/15
  2769 | D:3      | Found a hazy altar of Hepliaklqana.
  2771 | D:3      | Found a bloodstained altar of Trog.
  2898 | D:4      | Found a glowing golden altar of the Shining One.
  3061 | D:4      | Reached ** piety under Vehumet
  3061 | D:4      | Offered knowledge of Searing Ray by Vehumet.
  3066 | D:4      | Learned a level 2 spell: Searing Ray
  3257 | D:5      | Entered Level 5 of the Dungeon
  3265 | D:5      | Got the Parchment of the Lumpy Olives
  3281 | D:5      | Found a shadowy altar of Dithmenos.
  3334 | D:5      | Reached skill level 1 in Conjurations
  3430 | D:5      | Reached XP level 7. HP: 36/36 MP: 17/17
  3689 | D:4      | Reached skill level 6 in Spellcasting
  3774 | D:5      | Offered knowledge of Stone Arrow by Vehumet.
  3796 | D:5      | Learned a level 3 spell: Stone Arrow
  4432 | D:6      | Found a staircase to the Ecumenical Temple.
  4451 | D:6      | Reached XP level 8. HP: 38/41 MP: 11/20
  4651 | D:6      | Reached skill level 1 in Throwing
  4656 | D:6      | Noticed Blork the orc
  4750 | D:6      | Reached skill level 7 in Spellcasting
  4772 | D:6      | Noticed Pikel
  4790 | D:6      | Killed Pikel
  4790 | D:6      | Reached *** piety under Vehumet
  4791 | D:6      | Reached skill level 5 in Dodging
  4946 | D:7      | Found a runed translucent door.
  4947 | D:7      | Noticed Crazy Yiuf
  4958 | D:7      | Killed Crazy Yiuf
  5032 | D:6      | Killed Blork the orc
  5033 | D:6      | Reached skill level 8 in Spellcasting
  5194 | D:6      | Found a blossoming altar of Fedhas.
  5406 | D:7      | Reached XP level 9. HP: 22/45 MP: 19/23
  5604 | D:7      | Offered knowledge of Flame Wave by Vehumet.
  5835 | D:7      | Noticed Menkaure
  5839 | D:7      | Killed Menkaure
  5943 | D:7      | Noticed Joseph
  6073 | D:7      | Killed Joseph
  6074 | D:7      | Reached skill level 9 in Spellcasting
  6406 | D:8      | Noticed a two-headed ogre
  6497 | D:8      | Reached skill level 1 in Evocations
  6623 | D:8      | Reached **** piety under Vehumet
  6624 | D:8      | Reached skill level 10 in Necromancy
  6651 | D:8      | Offered knowledge of Irradiate by Vehumet.
  6670 | D:7      | Learned a level 5 spell: Irradiate
  6878 | D:8      | Reached skill level 5 in Translocations
  6898 | D:8      | Found a hide-covered altar of Uskayaw.
  6946 | D:8      | Found a transporter.
  6946 | D:8      | Found a transporter.
  6949 | D:8      | Found a transporter.
  6956 | D:8      | Found a transporter.
  7166 | D:8      | Reached skill level 10 in Spellcasting
  7310 | D:8      | Reached ***** piety under Vehumet
  7312 | D:8      | Offered knowledge of Yara's Violent Unravelling by Vehumet.
  7324 | D:8      | Learned a level 5 spell: Yara's Violent Unravelling
  7464 | D:8      | Killed a two-headed ogre
  7465 | D:8      | Reached skill level 1 in Transmutations
  7465 | D:8      | Reached XP level 10. HP: 50/50 MP: 26/26
  7824 | D:9      | Found a flagged portal.
  7839 | Bailey   | Entered a bailey
  7986 | Bailey   | Identified the +2 bardiche of Puhoisos {heavy, rElec
                  | Stlth+}
  8084 | Bailey   | Reached skill level 5 in Stealth
  8154 | Bailey   | Noticed an orc knight
  8154 | Bailey   | Noticed an orc knight
  8196 | Bailey   | Killed an orc knight
  8410 | Bailey   | Killed an orc knight
  8411 | Bailey   | Reached skill level 11 in Spellcasting
  8729 | D:9      | Noticed a cyclops
  8768 | D:9      | Reached skill level 1 in Fighting
  8789 | D:9      | Reached skill level 1 in Long Blades
  8789 | D:9      | Reached skill level 5 in Conjurations
  8847 | D:9      | Found a sparkling altar of Nemelex Xobeh.
  8898 | D:9      | Noticed a two-headed ogre
  8930 | D:9      | Killed a two-headed ogre
  9032 | D:9      | Killed a cyclops
  9033 | D:9      | Reached XP level 11. HP: 44/57 MP: 28/28
  9491 | D:10     | Entered Level 10 of the Dungeon
  9523 | D:10     | Found a staircase to the Orcish Mines.
  9560 | Orc:1    | Entered Level 1 of the Orcish Mines
  9562 | Orc:1    | Noticed an orc knight
  9591 | D:10     | Killed an orc knight
  9684 | D:10     | Reached skill level 12 in Spellcasting
 10173 | D:2      | Bought the ring of the Mage {Wiz Archmagi} for 714 gold
                  | pieces
 10173 | D:2      | Found the ring of the Mage {Wiz Archmagi}
 10678 | D:10     | Found a sacrificial altar of Ru.
 10769 | D:11     | Offered knowledge of Freezing Cloud by Vehumet.
 10797 | D:11     | Killed from afar by an orc priest

Illustrated notes

Levels and vault maps discovered:
D:1:      sevenhm_arrival_forest_fort_small_3, layout_rooms,
          chequers_serial_rivers_room_b, minmay_misc_feat_five
D:2:      layout_loops_ring, dreamdust_ecumenical_altar_angels_and_demons,
          serial_shops, shop
D:3:      layout_basic, grunt_temple_overflow_open, minmay_misc_feat_iff
D:4:      layout_basic, nicolae_overflow_quartered_altars, serial_shops,
          nicolae_diamond_shop
D:5:      layout_loops_ring, lemuel_doored_altar, minmay_misc_feat_rows,
          dreamdust_wishing_well
D:6:      layout_loops_cross, fedhas_altar_fruit_tree,
          minmay_temple_entry_glass, uniq_pikel, uniq_blork_the_orc
D:7:      layout_basic, uniq_menkaure, uniq_joseph, uniq_crazy_yiuf_cottage
D:8:      layout_basic, nicolae_uskayaw_dance_hall, serial_demonic,
          serial_demonic_d, serial_demonic_a, serial_demonic_c,
          serial_demonic_c, nicolae_diode_quadrants
D:9:      layout_irregular_city, kennysheep_little_box, enter_bailey_4,
          minmay_between, uniq_harold
D:10:     layout_basic, nicolae_ru_awakened_eye
D:11:     layout_rooms, hellmonk_lair_entry_icy, serial_ice, serial_ice_j,
          serial_ice_m, serial_ice_o, serial_ice_c, serial_ice_g, serial_ice_f,
          guppyfry_shop_earth, uniq_psyche, uniq_lodul
Orc:1:    layout_caves

Skill      XL: |  1  2  3  4  5  6  7  8  9 10 11 |
---------------+----------------------------------+-----
Necromancy     | 5 6 7 8 10 11 | 11.7
Dodging        | 3 4 5 7 8 |  8.0
Stealth        | 3 4 5 |  5.4
Spellcasting   | 4 5 6 8 10 11 12 | 12.4
Short Blades   | 1 2 3 |  3.8
Translocations | 1 2 3 5 6 |  6.2
Conjurations   | 1 2 3 4 5 |  5.7
Throwing       | 1 2 |  2.5
Evocations     | 1 |  1.4
Transmutations | 1 2 3 |  3.4
Fighting       | 1 2 |  2.6
Long Blades    | 1 |  1.6

Action                     |  1- 3 |  4- 6 |  7- 9 | 10-12 || total
---------------------------+-------+-------+-------+-------++-------
  Melee: Short sword       |   100 |    88 |       |       ||   188
         Unarmed           |     9 |       |       |       ||     9
         Punch             |     2 |     2 |     1 |     1 ||     6
         Dagger            |       |    16 |   114 |    94 ||   224
         Rapier            |       |       |    10 |     6 ||    16
         Great sword       |       |       |     6 |    34 ||    40
  Throw: Dart              |       |    20 |    16 |    32 ||    68
         Boomerang         |       |       |       |     1 ||     1
   Cast: Vampiric Draining |     6 |    25 |    41 |    69 ||   141
         Searing Ray       |       |     1 |    40 |    18 ||    59
         Teleport Other    |       |       |     1 |       ||     1
         Irradiate         |       |       |     1 |     3 ||     4
  Evoke: Wand              |       |       |    12 |    16 ||    28
    Use: Scroll            |     1 |       |       |    12 ||    13
         Potion            |       |       |     2 |     1 ||     3
   Stab: Sleeping          |     6 |     3 |    14 |     6 ||    29
         Distracted        |     1 |       |       |       ||     1
 Armour: Robe              |    34 |    17 |    48 |    10 ||   109
         Steam dragon scal |       |       |       |    29 ||    29
  Dodge: Dodged            |    68 |    69 |   163 |   182 ||   482
